 Dungeon Crawl Stone Soup version 0.30-a0-49-g1cef19eb02 (webtiles) character file.

Game seed: 17653272997131183843

106 scionoferis the Slasher (level 4, 0/63 HPs)
             Began as a Naga Warper on Sept 2, 2022.
             Slain by a gnoll
             ... wielding a +0 club
              (2 damage)
             ... on level 3 of the Dungeon on Sept 3, 2022.
             The game lasted 00:08:05 (2366 turns).

scionoferis the Slasher (Naga Warper)               Turns: 2366, Time: 00:08:06

Health: 0/63       AC: 22    Str: 12 (13) XL:     4   Next: 84%
Magic:  6/7        EV:  1    Int: 12 (13) God:
Gold:   108        SH:  0    Dex: 11 (13) Spells: 5/7 levels left

rFire   + . .      SeeInvis +    a - +0 falchion
rCold   + . .      Faith    .    (no shield)
rNeg    . . .      Spirit   .    (body armour currently unavailable)
rPois   +          Reflect  .    (helmet currently unavailable)
rElec   +          Harm     .    (cloak currently unavailable)
rCorr   +          Rampage  .    (gloves currently unavailable)
Will    .....      Clarity  +    (no barding)
Stlth   +......... NoTele   +    (no amulet)
HPRegen 0.20/turn                (no ring)
MPRegen 0.10/turn                (no ring)

@: tree-form, resistant, invisible
A: stationary, stasis, torment immunity, boosted hp, AC +1, large, see
invisible, (deformed body), (poison resistance), (slowness 2), spit poison 1,
(naga tail 1), (horns 1), clarity, (shaggy fur 1)
a: Spit Poison


You were on level 3 of the Dungeon.
You were a tree.
You visited 1 branch of the dungeon, and saw 3 of its levels.

You collected 108 gold pieces.

Inventory:

Hand Weapons
 a - a +0 falchion (weapon)
 b - a +0 sling
Missiles
 d - 7 boomerangs of dispersal (quivered)
 n - 4 poisoned darts
Armour
 f - a +0 leather armour (melded)
Wands
 o - a wand of flame (16)
Scrolls
 c - a scroll of blinking
 h - 2 scrolls of identify {unknown}
 i - a scroll of noise {unknown}
 l - a scroll of enchant weapon {unknown}
 p - 2 scrolls of poison {unknown}
 r - a scroll of brand weapon {unknown}
Potions
 q - a potion of curing {unknown}


   Skills:
 + Level 3.1 Fighting
 * Level 4.1 Long Blades
 - Level 0.8 Throwing
 - Level 0.7 Armour
 - Level 1.5 Dodging
 - Level 2.0 Spellcasting
 - Level 3.0 Translocations


You had 5 spell levels left.
You knew the following spells:

 Your Spells              Type           Power      Damage    Failure   Level
a - Blink                 Tloc           16%        N/A       12%         2

Your spell library contained the following spells:

 Spells                   Type           Power      Damage    Failure   Level
 Gell's Gravitas          Tloc           8%         N/A       24%         3
 Lesser Beckoning         Tloc           8%         N/A       24%         3
 Teleport Other           Tloc           8%         N/A       24%         3
 Inner Flame              Hex/Fire       1%         N/A       63%         3
 Manifold Assault         Tloc           8%         N/A       91%         5
 Cause Fear               Hex            0%         N/A       95%         4
 Fireball                 Conj/Fire      0%         3d3       100%        5
 Iskenderun's Battlesphe  Conj           1%         2d6       100%        5
 Conjure Ball Lightning   Conj/Air       0%         3x3d6     100%        6
 Orb of Destruction       Conj           0%         9d5       100%        7
 Discord                  Hex            0%         N/A       100%        8


Dungeon Overview and Level Annotations

Branches:
Dungeon (3/15)

Altars:
Vehumet

Shops:
D:1 **[((   D:3 ?

Annotations:
D:3 2 transporters


Innate Abilities, Weirdness & Mutations

You are a tree.
Your roots penetrate the ground, keeping you stationary.
You cannot be teleported.
You are immune to unholy pain and torment.
Your maximum health is greatly increased.
Your equipment is partially melded.
((Your serpentine skin is tough. (AC +1)))
You have supernaturally acute eyesight. (SInv)
((Armour fits poorly on your strangely shaped body.))
((Your system is resistant to poisons. (rPois)))
((You cover ground very slowly.))
You can spit poison.
((You have a snake-like lower body.))
((You have a pair of small horns on your head.))
You possess an exceptional clarity of mind.
((You are covered in fur. (AC +1)))


Message History

The gnoll is poisoned.
The gnoll is almost dead.
The gnoll hits you from afar with a +3 spear!
* * * LOW HITPOINT WARNING * * *
The gnoll barely misses you.
Really quaff the potion of lignification?
You turn into a tree.
Your +0 leather armour melds into your body.
Your roots penetrate the ground.
The gnoll completely misses you. The gnoll hits you but does no damage.
It was a potion of degeneration.
There was something very wrong with that liquid.
You feel weakened.
You feel dopey.
You feel clumsy.
The gnoll hits you but does no damage. x3
It was a potion of invisibility.
You fade into invisibility!
You feel stable enough to blink again.
You kill the gnoll!
The gnoll hits you but does no damage.
You hit the gnoll.
The gnoll is lightly wounded.
You have got your breath back.
The gnoll hits you but does no damage. The gnoll hits you with a +0 club.
* * * LOW HITPOINT WARNING * * *
You strike the helpless gnoll from behind!
You hit the gnoll.
The gnoll is heavily wounded.
The gnoll hits you but does no damage.
You hit the gnoll.
The gnoll is heavily wounded.
The gnoll hits you with a +0 club.
* * * LOW HITPOINT WARNING * * *
The gnoll hits you but does no damage.
It was a potion of resistance.
You feel protected.
The gnoll hits you but does no damage. x2
It was a potion of mutation.
You feel extremely strange. A pair of horns grows on your head!
Fur sprouts all over your body.
Your thoughts seem clearer.
The gnoll hits you with a +0 club.
You die...

#.####.#####
#.###.##.##.....##
#..........#
#........###...##
...###..##.#
#)........###.## ##.#
##.##.# #.###.###.# #.#
#.# #.##.# #.# #.# #.# #.#
#.####.##.# ##.###.# #.#
#'# #.........# #......#
#.# ... ######.####
#..##### #.# ...[ ##.##.#
#.♣#.#####.. .....
###...#.#######.g.........
......
..................).......
......
###...#.#######.#...####.
...... #.......# #.##.##
..... #.###.#.# #.# ##
.... #.###.#.# #.# ...
#.#...#.# #.# #g #.#.###.#
... .


You could see a gnoll (fast, unable to see you).

Vanquished Creatures
  2 gnolls
  3 adders
  2 worms
  A dart slug (D:1)
  5 bats
  An endoplasm (D:1)
  4 giant cockroaches
  6 goblins
  5 hobgoblins
  2 quokkas
  4 ball pythons
  4 frilled lizards (D:1)
  5 kobolds
  7 rats
51 creatures vanquished.

Notes
Turn   | Place    | Note
-------+----------+-------------------------------------------
     0 | D:1      | scionoferis the Naga Warper began the quest for the Orb.
     0 | D:1      | Reached XP level 1. HP: 19/19 MP: 3/3
    30 | D:1      | Found Aleohuack's Armour Boutique.
    77 | D:1      | Reached XP level 2. HP: 24/26 MP: 5/5
    80 | D:1      | Learned a level 2 spell: Blink
   122 | D:1      | Found Qour's General Store.
   181 | D:1      | Found Soudam's Assorted Antiques.
   281 | D:1      | Reached skill level 3 in Long Blades
   375 | D:1      | Reached XP level 3. HP: 33/33 MP: 6/6
   443 | D:1      | Found Azxaikyw's Antique Weapon Shop.
   594 | D:1      | Found Unuocawn's Weapon Boutique.
  1242 | D:2      | Reached XP level 4. HP: 40/40 MP: 7/7
  1665 | D:3      | Noticed a black bear
  1666 | D:3      | Found a radiant altar of Vehumet.
  1671 | D:3      | Found a transporter.
  1767 | D:3      | Found a transporter.
  1898 | D:3      | Found Zeocait's Magic Scroll Shop.
  1931 | D:2      | HP: 3/63 [gnoll/+0 hand axe (6)]
  1932 | D:2      | HP: 1/63 [gnoll/+0 hand axe (2)]
  1935 | D:2      | Reached skill level 4 in Long Blades
  2364 | D:3      | HP: 2/63 [gnoll/+0 club (4)]
  2366 | D:3      | Gained mutation: You have a pair of small horns on your
                  | head. [potion of mutation]
  2366 | D:3      | Gained mutation: You are covered in fur. (AC +1) [potion of
                  | mutation]
  2366 | D:3      | Gained mutation: You possess an exceptional clarity of
                  | mind. [potion of mutation]
  2366 | D:3      | Slain by a gnoll

Illustrated notes

Levels and vault maps discovered:
D:1:      saegor_arrival_simple_a, layout_rooms, serial_shops, shop,
          nicolae_diamond_shop, shop, nicolae_diamond_shop, shop,
          minmay_pentomino_u2
D:2:      layout_loops_corners
D:3:      layout_loops_corners, gammafunk_temple_overflow_arena,
          doesnt_xom_only_xom, ebering_ecumenical_altar_hall, serial_shops,
          shop, shop, nicolae_shop_stone

Skill      XL: |  1  2  3  4 |
---------------+-------------+-----
Long Blades    | 3 4 |  4.1
Fighting       | 3 |  3.1
Throwing       | |  0.8
Armour         | |  0.7
Dodging        | |  1.5
Spellcasting   | |  2.0
Translocations | |  3.0

Action                   |  1- 3 |  4- 6 || total
-------------------------+-------+-------++-------
Melee: Falchion          |    57 |    17 ||    74
 Fire: Sling             |    32 |    17 ||    49
 Cast: Blink             |       |     2 ||     2
 Abil: Spit Poison       |    23 |    13 ||    36
  Use: Potion            |       |     6 ||     6
 Stab: Invisible         |       |     1 ||     1
Armor: Leather armour    |    23 |     2 ||    25
       Skin              |       |    11 ||    11
Dodge: Dodged            |    42 |     9 ||    51

Table legend: (Time is in decaauts)
 A = Elapsed time spent in this place.
 B = Non-inter-level travel time spent in this place.
 C = Inter-level travel time spent in this place.
 D = Time resting spent in this place.
 E = Time spent auto-exploring this place.
 F = Levels seen in this place.
 G = Mean time per level.
                   A        B        C        D        E       F      G
               +--------+--------+--------+--------+--------+-----+--------+
         Total |   2970 |   2840 |    130 |    448 |   1867 |   3 |  990.0 |
       Dungeon |   2970 |   2840 |    130 |    448 |   1867 |   3 |  990.0 |
               +--------+--------+--------+--------+--------+-----+--------+

Top non-repeatable levels by time:
     D:2: 1511 daAuts
     D:1: 977 daAuts
     D:3: 481 daAuts
